 Dungeon Crawl Stone Soup version 0.19-a0-151-g039907c (webtiles) character file.

57820 Lugonue the Unseen (level 14, -1/59 HPs)
             Began as a Spriggan Enchanter on May 18, 2016.
             Was a High Priest of Dithmenos.
             Slain by an iron troll simulacrum (9 damage)
             ... in an ice cave on May 19, 2016.
             The game lasted 02:28:26 (17226 turns).

Lugonue the Unseen (Spriggan Enchanter)            Turns: 17226, Time: 02:28:27

Health: -1/59      AC:  5    Str:  9    XL:     14   Next: 47%
Magic:  43/48      EV: 28    Int: 28    God:    Dithmenos [*****.]
Gold:   344        SH: 10    Dex: 19    Spells: 8 memorised, 7 levels left

rFire  + + .     SeeInvis +     a - +3 dagger (holy)
rCold  + . .     Gourm    .     A - +0 robe of Wuot {rF+ Regen+ MP+9 Int+4}
rNeg   . . .     Faith    .     F - +2 buckler {rC+}
rPois  .         Spirit   .     (helmet restricted)
rElec  .         Dismiss  +     o - +2 cloak {rF+}
rCorr  +         Reflect  .     (gloves unavailable)
SustAt .         Harm     .     (boots unavailable)
MR     ++...                    B - amulet "Ofuodyrgh" {Dismiss MP+9 Int+2 Dex+3 Stlth+}
Stlth  ++++......               u - +5 ring of strength
                                D - ring of resist corrosion

@: flying, contaminated, glowing, invisible (but backlit and visible), very
quick, very resistant to hostile enchantments, stealthy
A: unfitting armour, see invisible, herbivore 3, speed 3, slow metabolism 2
a: Shadow Step, Shadow Form, Renounce Religion


You were in an ice cave.
You worshipped Dithmenos.
Dithmenos was extremely pleased with you.
You were not hungry.

You visited 6 branches of the dungeon, and saw 25 of its levels.
You also visited: Ice Cave and Volcano.

You collected 2383 gold pieces.
You spent 2039 gold pieces at shops.

Inventory:

Hand Weapons
 a - a +3 dagger of holy wrath (weapon)
 b - a +4 dagger of venom
 x - a +0 dagger of protection
 y - a +1 dagger of electrocution
Armour
 e - a +2 hat
 o - a +2 cloak of fire resistance (worn)
 A - the +0 robe of Wuot (worn) {rF+ Regen+ MP+9 Int+4}
   (You found it on level 8 of the Dungeon)

   It affects your intelligence (+4).
   It protects you from fire.
   It affects your magic capacity (+9).
   It increases your rate of regeneration.
 F - a +2 buckler of cold resistance (worn)
Jewellery
 t - an uncursed ring of protection from cold {unknown}
 u - a +5 ring of strength (right hand)
 B - the amulet "Ofuodyrgh" (around neck) {Dismiss MP+9 Int+2 Dex+3 Stlth+}
   (You bought it in a shop on level 4 of the Dungeon)

   [amulet of dismissal]

   It may teleport away creatures that harm you.
   It affects your intelligence (+2).
   It affects your dexterity (+3).
   It affects your magic capacity (+9).
   It makes you more stealthy.
 D - a ring of resist corrosion (left hand)
Wands
 c - a wand of digging (12/24)
 p - a wand of disintegration (8/24)
 E - a wand of heal wounds (3/9)
 G - a wand of iceblast (2/15)
Scrolls
 f - 15 scrolls of teleportation
 j - 3 scrolls of fog
 k - 3 scrolls of amnesia
 r - 3 scrolls of remove curse
 H - a scroll of identify
 I - 2 scrolls of magic mapping
Potions
 g - 5 potions of curing
 h - 3 potions of ambrosia
 i - a potion of magic {unknown}
 l - 2 potions of heal wounds
 m - 3 potions of flight
 n - a potion of haste
 q - 3 potions of might
 s - 2 potions of agility
 v - a potion of brilliance
 w - a potion of invisibility
 z - 2 potions of mutation
Books
 L - a book of Burglary

   Spells                             Type                      Level
   a - Swiftness                      Charms/Air                   2
   b - Passwall                       Transmutation/Earth          2
   c - Passage of Golubria            Translocation                4
   d - Lee's Rapid Deconstruction     Earth                        5
   e - Darkness                       Hexes                        6
   f - Invisibility                   Hexes                        6
Comestibles
 d - 4 bread rations
 C - 12 fruits


   Skills:
 - Level 10.4 Short Blades
 * Level 11.3 Dodging
 + Level 19.3 Stealth
 - Level 7.2 Shields
 * Level 11.4 Spellcasting
 + Level 14.5 Hexes
 + Level 6.1 Translocations


You had 7 spell levels left.
You knew the following spells:

 Your Spells              Type           Power        Failure   Level  Hunger
a - Apportation           Tloc           ######....   1%          1    None
b - Ensorcelled Hibernat  Hex/Ice        ######       1%          2    None
c - Confuse               Hex            #######.     1%          3    None
d - Tukima's Dance        Hex            #######.     1%          3    None
e - Dazzling Spray        Conj/Hex       ######       1%          3    None
f - Invisibility          Hex            #######.     1%          6    #####..
g - Darkness              Hex            #######...   1%          6    #####..
h - Passage of Golubria   Tloc           N/A          3%          4    None


Dungeon Overview and Level Annotations

Branches:
Dungeon (12/15)            Temple (1/1) D:5            Lair (7/8) D:10
 Shoals (2/4) Lair:5        Snake (1/4) Lair:6          Orc (2/2) D:12
    Elf (0/3) Orc:2
  Slime: Lair:6-8

Altars:
Ashenzari
Cheibriados
Dithmenos
Elyvilon
Gozag
Kikubaaqudgha
Makhleb
Nemelex Xobeh
Okawaru
Pakellas
Qazlal
Ru
Sif Muna
Trog
Vehumet
Xom
Yredelemnul
Zin
The Shining One
Beogh

Shops:
D:4 =   D:8 (   D:10 :   Orc:1 [:%(*   Orc:2 :*(*

Portals:
Pandemonium: Orc:2

Annotations:
D:3 1 exclusion, Robin
D:10 1 exclusion
Lair:6 1 exclusion
Shoals:2 Polyphemus
Snake:1 Asterion IceCv exclusion: ice statue


Innate Abilities, Weirdness & Mutations

You are tiny and cannot use many weapons and most armour.
You have supernaturally acute eyesight.
You are a herbivore.
You cover ground extremely quickly.
You need consume almost no food.


Message History

The six-headed hydra simulacrum resists with some effort.
You hit the six-headed hydra simulacrum.
The six-headed hydra simulacrum convulses.
You hit the six-headed hydra simulacrum.
The six-headed hydra simulacrum convulses.
You hit the six-headed hydra simulacrum.
The six-headed hydra simulacrum convulses.
You block the six-headed hydra simulacrum's attack.
The six-headed hydra simulacrum closely misses you.
The six-headed hydra simulacrum bites you!
The six-headed hydra simulacrum freezes you!
You resist.
The six-headed hydra simulacrum completely misses you.
The six-headed hydra simulacrum bites you!
The six-headed hydra simulacrum freezes you!
You resist.
* * * LOW HITPOINT WARNING * * *
You block the six-headed hydra simulacrum's attack.
The iron troll simulacrum misses you. The iron troll simulacrum claws you!
You die...

..##Z≈≈..##
#.§.≈≈≈##.#
#§.##≈≈##1#
#..#.≈##..#
##.#..###..##
##.#....#...#
##)#1.#.....##
#.#Z#.##....#
##@#[####..##
##Z## #..# ###
####


You could see an Ice Fiend, a six-headed hydra simulacrum (confused) and an iron
troll simulacrum.

Vanquished Creatures
  Rupert (Lair:3)
  Maud (Lair:3)
  Nessos (Orc:2)
  A merfolk impaler (Shoals:1)
  Josephine (Orc:1)
  Harold (Orc:1)
  2 hydras
  A naga warrior (Snake:1)
  6 orc high priests (Orc:2)
  A shock serpent (Snake:1)
  Nergalle (Orc:1)
  A sun demon (Orc:2)
  A sea snake (Shoals:1)
  A gelid demonspawn (Orc:2)
  An infernal demonspawn (Orc:2)
  6 orc sorcerers (Orc:2)
  3 fauns (Shoals:2)
  2 griffons
  3 orc knights (Orc:2)
  2 manticores
  2 cyclopes (D:12)
  2 ugly things (D:11)
  A salamander (Snake:1)
  An elephant (Lair:7)
  4 black mambas
  Maurice (Orc:1)
  A water nymph (Shoals:1)
  An orange demon (Orc:2)
  9 spiny frogs
  2 komodo dragons (Lair:2)
  6 freezing wraiths (IceCv)
  6 ice devils (IceCv)
  4 anaconda simulacra (IceCv)
  A hellwing (Orc:2)
  4 trolls
  A wind drake (Shoals:1)
  2 polar bears
  7 merfolk (Shoals:1)
  A dancing weapon (Orc:1)
  A two-headed ogre (D:9)
  A snapping turtle (Lair:5)
  7 blink frogs (Lair:5)
  2 wyverns
  A water elemental (Shoals:1)
  3 wraiths (Orc:1)
  A fire elemental (Volcano)
  25 yaks
  Eustachio (D:5)
  A human (D:7)
  A basilisk (Lair:1)
  Grum (D:10)
  6 hippogriffs
  4 iron troll simulacra (IceCv)
  2 harpy simulacra (IceCv)
  A mottled dragon (D:11)
  12 porcupines
  5 nagas
  7 water moccasins
  A hydra simulacrum (IceCv)
  3 phantoms
  A swamp drake (D:12)
  An ice beast (D:9)
  29 orc warriors
  An ettin simulacrum (IceCv)
  3 sky beasts
  A wasp (D:11)
  2 eyes of draining
  8 ogres
  2 wolves (D:10)
  9 crocodiles
  3 big kobolds
  18 giant frogs
  A water moccasin zombie (D:5)
  A scorpion (D:9)
  A wyvern skeleton (D:9)
  An electric eel (Lair:4)
  2 howler monkeys
  7 wights
  3 crimson imps
  2 draconian simulacra (IceCv)
  4 hounds
  6 jellies
  2 quasits
  21 orc priests
  7 orc wizards
  3 centaur skeletons
  A giant frog skeleton (D:9)
  A gnoll shaman (D:9)
  10 iguanas
  6 hell rats (Lair:6)
  9 worker ants
  3 troll simulacra (IceCv)
  A wolf simulacrum (IceCv)
  A sheep (D:7)
  4 centaur simulacra (IceCv)
  A hound zombie (D:7)
  A worker ant zombie (D:5)
  A howler monkey skeleton (D:5)
  12 adders
  8 gnolls
  A naga simulacrum (IceCv)
  A shadow imp (D:11)
  25 river rats
  5 white imps (IceCv)
  5 ufetubi (IceCv)
  10 oozes
  An adder zombie (D:7)
  A worm (D:2)
  A giant gecko (D:6)
  56 orcs
  4 giant cockroaches
  5 goblins
  5 hobgoblins
  6 jackals
  5 quokkas
  A ball python (D:4)
  A ball python zombie (D:6)
  13 bats
  A giant gecko zombie (D:7)
  3 giant newts
  22 kobolds
  12 rats
561 creatures vanquished.

Vanquished Creatures (collateral kills)
  An orc knight (Orc:2)
  A red devil (Orc:2)
  6 orc warriors
  A gnoll sergeant (D:9)
  A wight (D:10)
  An orc priest (D:10)
  2 orc wizards
  4 gnolls (D:9)
  6 orcs
  A jackal (D:11)
  A kobold (D:10)
  A rat (D:10)
26 creatures vanquished.

Vanquished Creatures (others)
  4 dancing weapons
  19 fungi
  2 plants (D:10)
25 creatures vanquished.

Grand Total: 612 creatures vanquished

Notes
Turn   | Place    | Note
--------------------------------------------------------------
     0 | D:1      | Lugonue the Spriggan Enchanter began the quest for the Orb.
     0 | D:1      | Reached XP level 1. HP: 9/9 MP: 5/5
   371 | D:1      | Reached skill level 5 in Stealth
   457 | D:1      | Reached XP level 2. HP: 11/13 MP: 4/6
   468 | D:1      | Learned a level 2 spell: Ensorcelled Hibernation
   675 | D:2      | Reached skill level 6 in Stealth
   737 | D:2      | Reached XP level 3. HP: 11/16 MP: 6/8
  1188 | D:2      | Reached skill level 7 in Stealth
  1388 | D:3      | Noticed Robin
  1560 | D:3      | Reached XP level 4. HP: 21/21 MP: 6/9
  1565 | D:3      | Learned a level 3 spell: Confuse
  1684 | D:4      | Found Rink's Jewellery Shop.
  1725 | D:5      | Entered Level 5 of the Dungeon
  1837 | D:4      | Reached skill level 8 in Stealth
  1854 | D:4      | Reached XP level 5. HP: 24/24 MP: 1/10
  1944 | D:4      | Reached skill level 9 in Stealth
  2462 | D:5      | Found a stormy altar of Qazlal.
  2463 | D:5      | Found a deep blue altar of Sif Muna.
  2464 | D:5      | Found a radiant altar of Vehumet.
  2574 | D:5      | Learned a level 3 spell: Tukima's Dance
  2614 | D:5      | Reached skill level 10 in Stealth
  2614 | D:5      | Reached XP level 6. HP: 28/28 MP: 11/11
  2634 | D:5      | Noticed Eustachio
  2676 | D:5      | Found a staircase to the Ecumenical Temple.
  2681 | Temple   | Entered the Ecumenical Temple
  2725 | Temple   | Became a worshipper of Dithmenos the Shadowed
  3074 | D:5      | Killed Eustachio
  3436 | D:5      | Reached skill level 11 in Stealth
  3546 | D:6      | Noticed an orc warrior
  3598 | D:6      | Noticed a sky beast
  3602 | D:6      | Killed a sky beast
  3602 | D:6      | Reached XP level 7. HP: 30/32 MP: 10/14
  3809 | D:6      | Reached skill level 5 in Hexes
  3856 | D:6      | Learned a level 3 spell: Dazzling Spray
  4018 | D:6      | Reached skill level 12 in Stealth
  4270 | D:7      | Reached XP level 8. HP: 36/36 MP: 10/16
  4339 | D:7      | Reached skill level 5 in Spellcasting
  4350 | D:7      | Reached * piety under Dithmenos
  4623 | D:7      | Reached skill level 13 in Stealth
  4747 | D:7      | Reached XP level 9. HP: 38/39 MP: 14/19
  5046 | D:8      | Found a sacrificial altar of Ru.
  5048 | D:8      | Reached skill level 14 in Stealth
  5056 | D:8      | Found Otiheep's Antique Weapon Shoppe.
  5132 | D:8      | Got a thick robe
  5145 | D:8      | Identified the +0 robe of Wuot {rF+ Regen+ MP+9 Int+4} (You found it on level 8 of the Dungeon)
  5248 | D:8      | Found a shattered altar of Ashenzari.
  5251 | D:8      | Found an opulent altar of Gozag.
  5472 | D:8      | Reached ** piety under Dithmenos
  5501 | D:8      | Reached skill level 1 in Shields
  5982 | D:9      | Learned a level 1 spell: Apportation
  6382 | D:10     | Entered Level 10 of the Dungeon
  6534 | D:10     | Noticed a troll
  6536 | D:10     | Noticed Grum
  6600 | D:9      | Reached skill level 5 in Shields
  6600 | D:9      | Reached XP level 10. HP: 38/44 MP: 6/21
  6755 | D:10     | Reached *** piety under Dithmenos
  6780 | D:10     | Killed Grum
  6832 | D:10     | Found Wusesh's Book Shoppe.
  7690 | D:11     | Noticed a red ugly thing
  7703 | D:11     | Killed a red ugly thing
  7703 | D:11     | Reached **** piety under Dithmenos
  7860 | D:11     | Noticed a white ugly thing
  7867 | D:11     | Killed a white ugly thing
  7925 | D:11     | Reached skill level 5 in Dodging
  8087 | D:12     | Noticed a cyclops
  8090 | D:12     | Killed a cyclops
  8090 | D:12     | Reached skill level 10 in Hexes
  8230 | D:12     | Reached XP level 11. HP: 46/47 MP: 1/22
  8317 | D:12     | Reached skill level 1 in Translocations
  8338 | D:12     | Found a staircase to the Orcish Mines.
  8400 | Orc:1    | Entered Level 1 of the Orcish Mines
  8400 | Orc:1    | Noticed Harold
  8420 | Orc:1    | Killed Harold
  8561 | Orc:1    | Found Rotofopn's Book Boutique.
  8627 | Orc:1    | Found Kaseacan's Antique Armour Boutique.
  8679 | Orc:2    | Entered Level 2 of the Orcish Mines
  8679 | Orc:2    | Found a staircase to the Elven Halls.
  8679 | Orc:2    | Noticed Nessos
  8685 | Orc:2    | Killed Nessos
  8916 | Orc:1    | Found Roywex's Food Boutique.
  8920 | Orc:1    | Noticed an orc warlord
  8989 | Orc:1    | Found Zatinwim's Weapon Boutique.
  9005 | Orc:1    | Noticed Maurice
  9006 | Orc:1    | Found Mogiupul's Assorted Antiques.
  9010 | Orc:1    | Killed Maurice
  9076 | Orc:1    | Noticed Josephine
  9076 | Orc:1    | Noticed Nergalle
  9112 | Orc:1    | Killed Nergalle
  9128 | Orc:1    | Killed Josephine
  9172 | Orc:1    | Found a roughly hewn altar of Beogh.
  9601 | D:4      | Bought the amulet "Ofuodyrgh" {Dismiss MP+9 Int+2 Dex+3 Stlth+} for 704 gold pieces
  9848 | D:10     | Found a staircase to the Lair.
  9858 | Lair:1   | Entered Level 1 of the Lair of Beasts
  9921 | Lair:1   | Found a dark tunnel.
  9926 | Volcano  | Entered a volcano
 10037 | Volcano  | Noticed a hell knight
 10193 | Lair:1   | Reached skill level 5 in Short Blades
 10260 | Lair:1   | Noticed a six-headed hydra
 10278 | Lair:1   | Killed a six-headed hydra
 10278 | Lair:1   | Reached XP level 12. HP: 51/51 MP: 23/23
 10841 | Lair:2   | Noticed a seven-headed hydra
 10846 | Lair:2   | Killed a seven-headed hydra
 11296 | Lair:3   | Reached skill level 10 in Short Blades
 11406 | Lair:3   | Noticed Rupert
 11412 | Lair:3   | Killed Rupert
 11556 | Lair:3   | Reached skill level 15 in Stealth
 11587 | Lair:4   | Upgraded the game from 0.19-a0-147-g6f47703 to 0.19-a0-151-g039907c
 12113 | Lair:5   | Found a staircase to the Shoals.
 12143 | Lair:5   | Reached XP level 13. HP: 55/55 MP: 25/25
 12146 | Shoals:1 | Entered Level 1 of the Shoals
 12531 | Lair:7   | Reached skill level 16 in Stealth
 12820 | Lair:6   | Found a sacrificial altar of Ru.
 13038 | Lair:6   | Found a staircase to the Snake Pit.
 13056 | Snake:1  | Entered Level 1 of the Snake Pit
 13168 | Snake:1  | Found a shimmering altar of Xom.
 13206 | Snake:1  | Noticed Asterion
 13239 | Snake:1  | Reached skill level 17 in Stealth
 13494 | D:10     | Bought a book of Burglary for 1125 gold pieces
 13520 | D:10     | Learned a level 6 spell: Invisibility
 13527 | D:10     | Learned a level 6 spell: Darkness
 13907 | Orc:1    | Learned a level 4 spell: Passage of Golubria
 14096 | Orc:2    | Found a roughly hewn altar of Beogh.
 14147 | Orc:2    | Found Keexod's General Store.
 14194 | Orc:2    | Found Atejoep's General Store.
 14417 | Orc:2    | Bought a scroll of blinking for 105 gold pieces
 14417 | Orc:2    | Bought a scroll of enchant weapon for 105 gold pieces
 14515 | Orc:2    | Reached skill level 18 in Stealth
 14641 | Orc:2    | Reached skill level 10 in Dodging
 14705 | Orc:2    | Reached skill level 5 in Translocations
 14775 | Orc:2    | Reached ***** piety under Dithmenos
 14934 | Orc:2    | Reached skill level 10 in Spellcasting
 14949 | Orc:2    | Found Tamiu's Antique Weapon Boutique.
 14949 | Orc:2    | Found Kuogh's Book Shop.
 14949 | Orc:2    | Found a one-way gate leading to the halls of Pandemonium.
 15223 | Lair:3   | Noticed Maud
 15239 | Lair:3   | Killed Maud
 15239 | Lair:3   | Reached XP level 14. HP: 58/59 MP: 29/29
 16194 | Shoals:2 | Noticed Polyphemus
 16209 | Shoals:2 | Found a frozen archway.
 16233 | Shoals:2 | Reached skill level 19 in Stealth
 16254 | IceCv    | Entered an ice cave
 16934 | IceCv    | Noticed an Ice Fiend
 17226 | IceCv    | Slain by an iron troll simulacrum

Vault maps used:
D:1:      eino_arrival_tree_alley, minmay_misc_feat_tower
D:2:      serial_bayou_pond_d
D:3:      fedhas_altar_1, first_bread, uniq_robin, uniq_natasha
D:4:      serial_shops, nicolae_shop_statue_plus
D:5:      wad_woods_settlement, grunt_temple_overflow_open,
          minmay_temple_entry_glassed_door, uniq_eustachio
D:7:      grunt_livestock
D:8:      nicolae_overflow_hidden_temple, minitemple, serial_shops,
          nicolae_shop_trees
D:10:     grunt_lair_entry_orc_guard_hut, serial_shops, shop, uniq_grum
D:12:     erik_orc_1, basic_altar
Temple:   circular_temple_13
Lair:1:   nicolae_volcano_entry_s_turn, lemuel_fruit_tree
Lair:3:   nicolae_lair_grove_arrangements, beast_lair_carwin_8, uniq_rupert,
          uniq_maud
Lair:4:   lemuel_slime, serial_bayou_shore_b, infiniplex_staircase_pool
Lair:5:   minmay_shoals_entry_hut
Lair:6:   guppyfry_snake_entry_island, basic_altar, minivault_23
Lair:7:   grunt_megastairs_2
Shoals:1: st_sunken_huts
Shoals:2: portal_ice_cave_entry_pillars_01, uniq_polyphemus
Snake:1:  basic_altar, uniq_asterion
Orc:1:    serial_shops, shop, nicolae_shop_trees, shop,
          nicolae_shop_behind_doors, shop_statue, basic_altar, uniq_josephine,
          uniq_maurice, uniq_nergalle, uniq_harold
Orc:2:    pf_orc_diabolical, mines1_david, uniq_nessos
IceCv:    ice_cave_caverns_03
Volcano:  volcano_pools

Skill      XL: |  1  2  3  4  5  6  7  8  9 10 11 12 13 14 |
---------------+-------------------------------------------+-----
Stealth        | 5 6 7 8 10 11 12 13 14 15 18 19 | 19.3
Spellcasting   | 3 4 6 7 10 11 | 11.4
Hexes          | 4 6 8 9 10 12 13 14 | 14.5
Shields        | 5 7 |  7.2
Dodging        | 6 9 10 11 | 11.3
Translocations | 3 4 5 6 |  6.1
Short Blades   | 6 10 | 10.4

Action                   |  1- 3 |  4- 6 |  7- 9 | 10-12 | 13-15 || total
-------------------------+-------+-------+-------+-------+-------++-------
Melee: Dagger            |   107 |    86 |   220 |   486 |   430 ||  1329
 Cast: Corona            |    13 |     2 |       |       |       ||    15
       Ensorcelled Hiber |     9 |    18 |    38 |    50 |    34 ||   149
       Confuse           |       |    15 |    44 |    63 |    44 ||   166
       Tukima's Dance    |       |     1 |    11 |    15 |    10 ||    37
       Dazzling Spray    |       |       |    13 |    10 |    34 ||    57
       Apportation       |       |       |     2 |    20 |    16 ||    38
       Passage of Golubr |       |       |       |       |    20 ||    20
       Invisibility      |       |       |       |       |    12 ||    12
       Darkness          |       |       |       |       |     2 ||     2
Invok: Shadow Step       |       |       |       |    14 |     8 ||    22
Evoke: Wand              |       |       |       |     1 |     8 ||     9
  Use: Scroll            |       |    12 |       |    15 |     9 ||    36
       Potion            |       |     2 |     1 |     7 |     4 ||    14
 Stab: Sleeping          |    14 |    17 |    50 |   100 |   105 ||   286
       Confused          |       |     8 |    26 |    36 |    21 ||    91
       Distracted        |       |       |     1 |     4 |     4 ||     9
       Invisible         |       |       |     1 |     9 |    70 ||    80
  Eat: Royal jelly       |       |     2 |     2 |     1 |     1 ||     6
       Pizza             |       |       |       |     3 |       ||     3
       Bread ration      |       |       |       |       |     2 ||     2
Armor: Robe              |    21 |    10 |    10 |    15 |     5 ||    61
Dodge: Dodged            |    91 |    63 |   108 |   257 |   128 ||   647
Block: Buckler           |       |       |     7 |    68 |    82 ||   157
